 Dungeon Crawl Stone Soup version 0.21-a0-508-gf08a75f (webtiles) character file.

2635 Gildeon the Cleaver (level 9, -3/70 HPs)
             Began as a Minotaur Fighter on Nov 28, 2017.
             Slain by a two-headed ogre
             ... wielding a +0 giant spiked club
              (9 damage)
             ... on level 6 of the Dungeon.
             The game lasted 00:24:24 (6584 turns).

Gildeon the Cleaver (Minotaur Fighter)              Turns: 6584, Time: 00:24:26

Health: -3/70      AC: 15    Str: 21    XL:     9   Next: 35%
Magic:  8/8        EV:  3    Int:  7    God:
Gold:   291        SH:  9    Dex: 11    Spells: 1/8 levels left

rFire    x . .     SeeInvis .   a - +1 war axe
rCold    + . .     Gourm    .   c - +0 shield
rNeg     . . .     Faith    .   e - +0 plate armour
rPois    .         Spirit   .   (helmet restricted)
rElec    .         Reflect  .   F - +0 cloak
rCorr    .         Harm     .   n - +0 pair of gloves
MR       .....                  C - +0 pair of boots
Stlth    ..........             (no amulet)
HPRegen  0.21/turn              s - ring of ice
MPRegen  0.11/turn              G - ring of flight

@: no status effects
A: retaliatory headbutt, horns 2
a: Evoke Flight


You were on level 6 of the Dungeon.
You were not hungry.

You visited 1 branch of the dungeon, and saw 6 of its levels.
You also visited: Sewer.

You collected 291 gold pieces.

Inventory:

Hand Weapons
 a - a +1 war axe (weapon)
 D - a +0 mace of protection
Missiles
 g - 8 tomahawks (quivered)
Armour
 b - a +0 scale mail
 c - a +0 shield (worn)
 d - a +0 ring mail
 e - a +0 plate armour (worn)
 i - a +0 chain mail
 n - a +0 pair of gloves (worn)
 u - a +3 leather armour of fire resistance
 C - a +0 pair of boots (worn)
 F - a +0 cloak (worn)
Jewellery
 s - a ring of ice (left hand)
 G - a ring of flight (right hand)
Wands
 p - a wand of enslavement (20)
Scrolls
 h - a scroll of fear
 k - 4 scrolls of remove curse
 x - a scroll of brand weapon {unknown}
 A - 2 scrolls of blinking
 B - a scroll of teleportation
Potions
 l - 2 potions of brilliance
 o - 2 potions of agility
 q - a potion of haste
 t - a potion of flight
 v - 2 potions of degeneration {unknown}
Books
 w - a book of Minor Magic

   Spells                             Type                      Level
   a - Magic Dart                     Conjuration                  1
   b - Blink                          Translocation                2
   c - Call Imp                       Summoning                    2
   d - Slow                           Hexes                        2
   e - Conjure Flame                  Conjuration/Fire             3
   f - Mephitic Cloud                 Conjuration/Poison/Air       3
 y - a book of Changes

   Spells                             Type                      Level
   a - Beastly Appendage              Transmutation                1
   b - Sticks to Snakes               Transmutation                2
   c - Spider Form                    Transmutation/Poison         3
   d - Ice Form                       Ice/Transmutation            4
   e - Blade Hands                    Transmutation                5
Comestibles
 f - a bread ration
 j - 3 meat rations
 m - 3 royal jellies
 r - a fruit
 z - 3 chunks of flesh


   Skills:
 - Level 3.6 Fighting
 + Level 14.6 Axes
 - Level 3.6 Armour
 - Level 3.6 Shields


You had one spell level left.
You knew the following spells:

 Your Spells              Type           Power        Failure   Level  Hunger
a - Magic Dart            Conj           #...         100%        1    ##.....
b - Conjure Flame         Conj/Fire      #.......     100%        3    ####...
c - Mephitic Cloud        Conj/Pois/Air  #.......     100%        3    ####...


Dungeon Overview and Level Annotations

Branches:
Dungeon (6/15)
 Temple: D:4-7

Altars:
Ashenzari
Ru

Shops:
D:4 (   D:5 (


Innate Abilities, Weirdness & Mutations

You reflexively headbutt those who attack you in melee.
You have a pair of horns on your head.


Message History

You hit the two-headed ogre.
The two-headed ogre is severely wounded.
The orc wizard gestures wildly while chanting.
The orc wizard seems to speed up.
The two-headed ogre hits you with a giant spiked club!
The two-headed ogre hits you with a giant club!
You hear a shout!
Your plate armour prevents you from hitting the two-headed ogre.
The two-headed ogre is severely wounded.
You hit the two-headed ogre.
The two-headed ogre is severely wounded.
The two-headed ogre hits you but does no damage.
The two-headed ogre hits you with a giant club!
You slash the two-headed ogre!
The two-headed ogre is almost dead.
You closely miss the orc.
The two-headed ogre hits you with a giant spiked club!!
* * * LOW HITPOINT WARNING * * *
The two-headed ogre hits you with a giant club!
You die...

.# ## . . .#. # ...
#.#.# #.#o###.#
#.Oo....# # #@# #.
#.############'##
###..........##...##
#......#####.#.....#
#.#..#.## #........
#.#.....####........
#.#........'........
#.##.....###........
#.##...........)....


You could see a two-headed ogre, an orc wizard and an orc.

Vanquished Creatures
  Pikel (D:6)
  The ghost of anet the Poker, an amateur MfWn of Ashenzari (D:3)
  Prince Ribbit (D:6)
  Eustachio (D:5)
  Menkaure (D:5)
  2 slaves (D:6)
  2 phantoms
  A centaur (D:6)
  Blork the orc (D:6)
  3 bullfrogs
  5 scorpions
  A bullfrog zombie (D:5)
  A hound (D:4)
  2 jellies
  A bullfrog skeleton (D:6)
  An orc wizard (D:3)
  Crazy Yiuf (D:5)
  5 worker ants
  Robin (D:3)
  4 gnolls (D:3)
  A howler monkey skeleton (D:6)
  13 adders
  12 oozes
  4 worms
  2 dart slugs (D:1)
  13 leopard geckos
  13 orcs
  10 ball pythons
  13 bats
  17 giant cockroaches
  16 goblins
  12 hobgoblins
  2 jackals (D:1)
  8 kobolds
  3 quokkas
  15 frilled lizards
  A jackal skeleton (D:4)
  4 rats
  2 fungi (D:5)
197 creatures vanquished.

Vanquished Creatures (others)
  5 toadstools (D:1)
5 creatures vanquished.

Grand Total: 202 creatures vanquished

Notes
Turn   | Place    | Note
-------+----------+-------------------------------------------
     0 | D:1      | Gildeon the Minotaur Fighter began the quest for the Orb.
     0 | D:1      | Reached XP level 1. HP: 19/19 MP: 0/0
    46 | D:1      | Reached skill level 3 in Axes
    54 | D:1      | Reached XP level 2. HP: 22/26 MP: 1/1
   215 | D:1      | Reached skill level 4 in Axes
   360 | D:1      | Reached XP level 3. HP: 26/31 MP: 2/2
  1037 | D:2      | Reached skill level 5 in Axes
  1563 | D:3      | Reached XP level 4. HP: 39/39 MP: 3/3
  1590 | D:3      | Noticed anet's ghost (amateur MfWn)
  1598 | D:3      | Reached skill level 6 in Axes
  1603 | D:3      | Killed anet's ghost
  1603 | D:3      | Reached skill level 8 in Axes
  1603 | D:3      | Reached XP level 5. HP: 22/45 MP: 4/4
  1603 | D:3      | Reached XP level 6. HP: 25/51 MP: 5/5
  1917 | D:3      | Noticed Robin
  1936 | D:3      | Killed Robin
  2536 | D:3      | Learned a level 1 spell: Magic Dart
  2540 | D:3      | Learned a level 3 spell: Conjure Flame
  2649 | D:4      | Reached skill level 9 in Axes
  2861 | D:4      | Found a shattered altar of Ashenzari.
  2913 | D:4      | Reached XP level 7. HP: 57/57 MP: 6/6
  3198 | D:4      | Reached skill level 10 in Axes
  3665 | D:4      | Found Vipnyall's Antique Weapon Boutique.
  3801 | D:5      | Entered Level 5 of the Dungeon
  3808 | D:5      | Found Totadech's Weapon Shoppe.
  4003 | D:5      | Noticed Eustachio
  4030 | D:5      | Reached skill level 11 in Axes
  4044 | D:5      | Killed Eustachio
  4044 | D:5      | Reached XP level 8. HP: 37/64 MP: 7/7
  4229 | D:5      | Found a sacrificial altar of Ru.
  4296 | D:5      | Found a glowing drain.
  4296 | D:5      | Noticed Menkaure
  4301 | D:5      | Killed Menkaure
  4343 | Sewer    | Entered a sewer
  4435 | Sewer    | Reached skill level 12 in Axes
  5363 | D:5      | Found a runed door.
  5367 | D:5      | Noticed Crazy Yiuf
  5369 | D:5      | Killed Crazy Yiuf
  5559 | D:6      | Reached skill level 13 in Axes
  5565 | D:6      | Learned a level 3 spell: Mephitic Cloud
  5680 | D:6      | Noticed Prince Ribbit
  5682 | D:6      | Noticed Pikel
  5701 | D:6      | Killed Prince Ribbit
  5719 | D:6      | Killed Pikel
  5719 | D:6      | Reached skill level 14 in Axes
  5719 | D:6      | Reached XP level 9. HP: 39/70 MP: 8/8
  6522 | D:6      | Noticed Blork the orc
  6527 | D:6      | Killed Blork the orc
  6577 | D:6      | Noticed a two-headed ogre
  6584 | D:6      | Slain by a two-headed ogre

Vault maps used:
D:1:      ldierk_walled_garden
D:2:      due_unseen_surprise
D:3:      first_bread, uniq_robin
D:4:      minmay_diamond_boxcup, evilmike_ruin_ashenzari, serial_shops,
          kennysheep_mini_moat, chequers_big_river
D:5:      serial_shops, nicolae_shop_statue_plus, basic_altar,
          gup_sewer_entry_glass, uniq_menkaure, uniq_eustachio,
          uniq_crazy_yiuf_cottage
D:6:      grunt_decor_cap, roderic_serpentine_path, kennysheep_nondescript,
          uniq_prince_ribbit1, uniq_pikel, uniq_blork_the_orc
Sewer:    sewer_frog_island_02

Skill      XL: |  1  2  3  4  5  6  7  8 |
---------------+-------------------------+-----
Axes           | 3 4 5 8 9 11 14 | 14.6
Fighting       | |  3.6
Armour         | |  3.6
Shields        | |  3.6

Action                   |  1- 3 |  4- 6 |  7- 9 || total
-------------------------+-------+-------+-------++-------
Melee: War axe           |    82 |   130 |   346 ||   558
       Headbutt          |     6 |    22 |    64 ||    92
Throw: Tomahawk          |       |       |    14 ||    14
  Use: Scroll            |     5 |     4 |     7 ||    16
       Potion            |       |     1 |     2 ||     3
  Eat: Chunk             |     2 |     5 |     3 ||    10
       Bread ration      |       |       |     2 ||     2
Armor: Scale mail        |    15 |       |       ||    15
       Chain mail        |    13 |       |       ||    13
       Plate armour      |    33 |    81 |   204 ||   318
Dodge: Dodged            |    20 |    18 |    35 ||    73
Block: Shield            |    59 |    75 |   175 ||   309

Table legend:
 A = Spawn XP
 B = Non-spawn XP
 C = Spawn XP percentage of total XP
 D = Spawn monster count
 E = Non-spawn monster count
 F = Spawn count percentage of total count
 G = Total turns spent on level
                    A         B        C        D         E        F      G
               +---------+---------+-------+---------+---------+-------+---------
         Total |       0 |    3765 |   0.0 |       0 |     193 |   0.0 |  6584
               +---------+---------+-------+---------+---------+-------+---------
           D:1 |       0 |      48 |   0.0 |       0 |      24 |   0.0 |   596
           D:2 |       0 |      41 |   0.0 |       0 |      16 |   0.0 |   996
           D:3 |       0 |     507 |   0.0 |       0 |      51 |   0.0 |  1040
           D:4 |       0 |     613 |   0.0 |       0 |      16 |   0.0 |  1169
           D:5 |       0 |     816 |   0.0 |       0 |      22 |   0.0 |  1250
           D:6 |       0 |    1418 |   0.0 |       0 |      14 |   0.0 |  1132
         Sewer |       0 |     322 |   0.0 |       0 |      50 |   0.0 |   401
               +---------+---------+-------+---------+---------+-------+---------
